MLB
ST. LOUIS CARDINALS @ LAS VEGAS HUSTLE
06/05/2098
 
TOP OF THE 1ST
St. Louis Cardinals batting - Pitching for Las Vegas Hustle : LHP Jose Cruz
Pitching: LHP Jose Cruz
Batting: RHB David Martinez 0-0: Foul Ball, location: 2F
0-1: Foul Ball, location: 25F
0-2: Ball
1-2: DOUBLE (Flyball, 89D, EV 106.3 MPH)
Batting: RHB Jeff Saxton 0-0: Swinging Strike
0-1: Ball
1-1: Called Strike
1-2: Ball
2-2: SINGLE (Line Drive, 56D, EV 101.3 MPH)
David Martinez to third
Runner from 3rd tries for Home, SAFE, throw by LF to home
Batting: RHB Ryan Collier 0-0: Ball
1-0: Foul Ball, location: 9LMF
1-1: Foul Ball, location: 2F
1-2: Ball
2-2: Fly out, F9 (Line Drive, 9LM, EV 91.9 MPH)
Batting: RHB Jesus Guzman 0-0: Foul Ball, location: 2F
0-1: Ball
1-1: Ball
2-1: Foul Ball, location: 7LMFF
2-2: Foul Ball, location: 23F
2-2: Foul Ball, location: 23F
2-2: Ball
3-2: Fly out, F8 (Flyball, 8LXD, EV 107.5 MPH)
Batting: RHB Butch Arnett 0-0: Ball
1-0: DOUBLE (Flyball, 8LXD, EV 109.4 MPH)
Jeff Saxton to third
Runner from 3rd tries for Home, SAFE, throw by CF to trailing runner, SAFE at third!
Batting: RHB Mat Bushey 0-0: Ball
1-0: Foul Ball, location: 2F
1-1: Called Strike
1-2: Strikes out swinging
Top of the 1st over - 2 runs, 3 hits, 0 errors, 1 left on base; St. Louis 2 - Las Vegas 0
BOTTOM OF THE 1ST
Las Vegas Hustle batting - Pitching for St. Louis Cardinals : RHP Scott Kocis
Pitching: RHP Scott Kocis
Batting: RHB Rick Roberds 0-0: Foul Ball, location: 9LSF
0-1: Foul Ball, location: 3F
0-2: Ball
1-2: Ball
2-2: Ground out 6-3 (Groundball, 6, EV 110.0 MPH)
Batting: LHB Steve Lawler 0-0: Ball
1-0: Bunt missed!
1-1: Ground out 4-3 (Groundball, 4, EV 100.0 MPH)
Batting: RHB John Conway 0-0: Called Strike
0-1: Ball
1-1: Ball
2-1: Foul Ball, location: 2F
2-2: Ball
3-2: Foul Ball, location: 9LDF
3-2: Foul Ball, location: 5F
3-2: Foul Ball, location: 2F
3-2: Foul Ball, location: 9LDF
3-2: Base on Balls
Batting: RHB Tony Ledezma 0-0: Ball
1-0: Called Strike
1-1: Swinging Strike
1-2: Ball
2-2: Foul Ball, location: 3SF
2-2: Ball
3-2: Foul Ball, location: 3FF
3-2: Foul Ball, location: 2F
3-2: Fly out, F9 (Flyball, 89S, EV 78.1 MPH)
Bottom of the 1st over - 0 runs, 0 hits, 0 errors, 1 left on base; St. Louis 2 - Las Vegas 0
TOP OF THE 2ND
St. Louis Cardinals batting - Pitching for Las Vegas Hustle : LHP Jose Cruz
Batting: RHB Gabe Vega 0-0: Ball
1-0: Called Strike
1-1: Swinging Strike
1-2: Strikes out swinging
Batting: RHB Brodie Herian 0-0: Ball
1-0: Ball
2-0: Swinging Strike
2-1: Ground out 5-3 (Groundball, 56, EV 92.5 MPH)
Batting: RHB Jason Rush 0-0: Called Strike
0-1: Foul Ball, location: 9LSF
0-2: Strikes out swinging
Top of the 2nd over - 0 runs, 0 hits, 0 errors, 0 left on base; St. Louis 2 - Las Vegas 0
BOTTOM OF THE 2ND
Las Vegas Hustle batting - Pitching for St. Louis Cardinals : RHP Scott Kocis
Batting: LHB Yazid Deacon 0-0: Called Strike
0-1: Swinging Strike
0-2: Ball
1-2: Ball
2-2: Ball
3-2: Ground out 2-3 (Groundball, 2L, EV 55.0 MPH)
Batting: SHB Josh Osborne 0-0: Ball
1-0: Ball
2-0: Ball
3-0: Called Strike
3-1: Fly out, F8 (Flyball, 8LM, EV 77.5 MPH)
Batting: RHB Clint Hurley 0-0: Called Strike
0-1: Ball
1-1: Swinging Strike
1-2: Ball
2-2: Foul Ball, location: 9LSF
2-2: Strikes out swinging
Bottom of the 2nd over - 0 runs, 0 hits, 0 errors, 0 left on base; St. Louis 2 - Las Vegas 0
TOP OF THE 3RD
St. Louis Cardinals batting - Pitching for Las Vegas Hustle : LHP Jose Cruz
Batting: RHB David Martinez 0-0: Foul Ball, location: 2F
0-1: Called Strike
0-2: Strikes out looking
Batting: RHB Jeff Saxton 0-0: Called Strike
0-1: Ground out 6-3 (Groundball, 6, EV 102.5 MPH)
Batting: RHB Ryan Collier 0-0: Called Strike
0-1: Ball
1-1: Ball
2-1: SINGLE (Line Drive, 7S, EV 101.3 MPH)
Batting: RHB Jesus Guzman 0-0: Called Strike
0-1: Swinging Strike
0-2: Ball
1-2: Fielders Choice at 2nd, 6-4 (Groundball, 6, EV 83.8 MPH)
Top of the 3rd over - 0 runs, 1 hit, 0 errors, 1 left on base; St. Louis 2 - Las Vegas 0
BOTTOM OF THE 3RD
Las Vegas Hustle batting - Pitching for St. Louis Cardinals : RHP Scott Kocis
Batting: SHB Jose Espinoza 0-0: DOUBLE (Line Drive, 89M, EV 104.4 MPH)
Batting: RHB Karl Robbins 0-0: Called Strike
0-1: Swinging Strike
0-2: Ball
1-2: Ball
2-2: Ball
3-2: Fly out, F8 (Flyball, 8RD, EV 95.0 MPH)
Batting: RHB Rick Roberds 0-0: Called Strike
0-1: Foul Ball, location: 5DF
0-2: Ball
1-2: Reached on error, E3 (Groundball, 34S, EV 71.9 MPH)
Batting: LHB Steve Lawler 0-0: Fly out, F7 (Flyball, 78M, EV 81.3 MPH)
Batting: RHB John Conway 0-0: Called Strike
0-1: Foul Ball, location: 2F
0-2: Ground out 5-3 (Groundball, 56, EV 95.6 MPH)
Bottom of the 3rd over - 0 runs, 1 hit, 1 error, 2 left on base; St. Louis 2 - Las Vegas 0
TOP OF THE 4TH
St. Louis Cardinals batting - Pitching for Las Vegas Hustle : LHP Jose Cruz
Batting: RHB Butch Arnett 0-0: Reached on error, E4 (Groundball, 4S, EV 75.6 MPH)
Batting: RHB Mat Bushey 0-0: Ball
1-0: Ball
2-0: Called Strike
2-1: Foul Ball, location: 9LSF
2-2: Fly out, F4 (Popup, 4, EV 61.3 MPH)
Batting: RHB Gabe Vega 0-0: Swinging Strike
0-1: Ball
1-1: Ball
2-1: Foul Ball, location: 2F
2-2: Foul Ball, location: 2F
2-2: SINGLE (Groundball, 4D, EV 103.1 MPH)
Butch Arnett to second
Batting: RHB Brodie Herian 0-0: Called Strike
0-1: Swinging Strike
0-2: Ball
1-2: Foul Ball, location: 5SF
1-2: Foul Ball, location: 9LDF
1-2: Foul Ball, location: 9LMF
1-2: Foul Ball, location: 2F
1-2: Fly out, F9 (Line Drive, 8RS, EV 90.6 MPH)
Batting: RHB Jason Rush 0-0: Ball
1-0: Swinging Strike
1-1: Fielders Choice at 2nd, 5-4 (Groundball, 56, EV 90.0 MPH)
Top of the 4th over - 0 runs, 1 hit, 1 error, 2 left on base; St. Louis 2 - Las Vegas 0
BOTTOM OF THE 4TH
Las Vegas Hustle batting - Pitching for St. Louis Cardinals : RHP Scott Kocis
Batting: RHB Tony Ledezma 0-0: Ball
1-0: Ball
2-0: Ball
3-0: Called Strike
3-1: Called Strike
3-2: Fly out, F9 (Flyball, 9LM, EV 102.5 MPH)
Batting: LHB Yazid Deacon 0-0: Called Strike
0-1: Foul Ball, location: 9LMF
0-2: Strikes out swinging
Batting: SHB Josh Osborne 0-0: Foul Ball, location: 2F
0-1: Ball
1-1: Ground out 5-3 (Groundball, 5L, EV 81.9 MPH)
Bottom of the 4th over - 0 runs, 0 hits, 0 errors, 0 left on base; St. Louis 2 - Las Vegas 0
TOP OF THE 5TH
St. Louis Cardinals batting - Pitching for Las Vegas Hustle : LHP Jose Cruz
Batting: RHB David Martinez 0-0: Called Strike
0-1: Ball
1-1: Called Strike
1-2: Fly out, F9 (Flyball, 89M, EV 81.3 MPH)
Batting: RHB Jeff Saxton 0-0: Called Strike
0-1: Ball
1-1: Fly out, F8 (Flyball, 8RXD, EV 111.3 MPH)
Batting: RHB Ryan Collier 0-0: Ball
1-0: Called Strike
1-1: Called Strike
1-2: Strikes out looking
Top of the 5th over - 0 runs, 0 hits, 0 errors, 0 left on base; St. Louis 2 - Las Vegas 0
BOTTOM OF THE 5TH
Las Vegas Hustle batting - Pitching for St. Louis Cardinals : RHP Scott Kocis
Batting: RHB Clint Hurley 0-0: Called Strike
0-1: Foul Ball, location: 5F
0-2: SINGLE (Flyball, 9S, EV 90.0 MPH)
Batting: SHB Jose Espinoza 0-0: Called Strike
0-1: Reached on error, E4 (Groundball, 34, EV 101.9 MPH)
Clint Hurley to third
Batting: RHB Karl Robbins 0-0: Ball
1-0: Called Strike
1-1: Foul Ball, location: 9LDF
1-2: Ball
2-2: Ball
3-2: Foul Ball, location: 9LSF
3-2: Foul Ball, location: 5SF
3-2: Ground out 6-3 (Groundball, 6MD, EV 109.4 MPH)
Batting: RHB Rick Roberds 0-0: Fielders Choice at home, 4-2 (Groundball, 4S, EV 91.3 MPH)
Jose Espinoza to third
Batting: LHB Steve Lawler 0-0: Called Strike
0-1: Reached on error, E4 (Groundball, 4, EV 98.8 MPH)
Jose Espinoza scores
Rick Roberds to second
Batting: RHB John Conway 0-0: Called Strike
0-1: Swinging Strike
0-2: Ball
1-2: Fly out, F9 (Flyball, 9S, EV 91.3 MPH)
Bottom of the 5th over - 1 run, 1 hit, 2 errors, 2 left on base; St. Louis 2 - Las Vegas 1
TOP OF THE 6TH
St. Louis Cardinals batting - Pitching for Las Vegas Hustle : LHP Jose Cruz
Batting: RHB Jesus Guzman 0-0: Ball
1-0: Ball
2-0: Swinging Strike
2-1: Ball
3-1: Called Strike
3-2: Strikes out looking
Batting: RHB Butch Arnett 0-0: Called Strike
0-1: Swinging Strike
0-2: Ball
1-2: Ground out 5-3 (Groundball, 56, EV 100.6 MPH)
Batting: RHB Mat Bushey 0-0: Ball
1-0: Ball
2-0: Called Strike
2-1: Ball
3-1: Base on Balls
Batting: RHB Gabe Vega 0-0: Called Strike
Mat Bushey is caught stealing 2nd base 2-4
Top of the 6th over - 0 runs, 0 hits, 0 errors, 0 left on base; St. Louis 2 - Las Vegas 1
BOTTOM OF THE 6TH
Las Vegas Hustle batting - Pitching for St. Louis Cardinals : RHP Scott Kocis
Batting: RHB Tony Ledezma 0-0: Ball
1-0: Ball
2-0: Ball
3-0: Called Strike
3-1: Ground out 6-3 (Groundball, 6, EV 78.8 MPH)
Batting: LHB Yazid Deacon 0-0: Ball
1-0: Ball
2-0: Ball
3-0: Called Strike
3-1: Foul Ball, location: 3F
3-2: SINGLE (Line Drive, 89S, EV 95.6 MPH)
Batting: SHB Josh Osborne 0-0: Called Strike
0-1: Foul Ball, location: 2F
0-2: Ball
1-2: Fly out, F8 (Line Drive, 89D, EV 95.6 MPH)
Pitching: LHP Ivan Espinosa
Batting: RHB Clint Hurley 0-0: Foul Ball, location: 9LSF
0-1: Foul Ball, location: 2F
0-2: Ball
1-2: Ball
2-2: SINGLE (Line Drive, 4D, EV 98.1 MPH)
Yazid Deacon to second
Runner from 2nd tries for 3rd, SAFE, no throw by CF
Batting: SHB Jose Espinoza 0-0: Called Strike
0-1: Ball
1-1: Ball
2-1: Ball
3-1: Foul Ball, location: 3FF
3-2: Strikes out looking
Bottom of the 6th over - 0 runs, 2 hits, 0 errors, 2 left on base; St. Louis 2 - Las Vegas 1
TOP OF THE 7TH
St. Louis Cardinals batting - Pitching for Las Vegas Hustle : LHP Jose Cruz
Batting: RHB Gabe Vega 0-0: Swinging Strike
0-1: Ground out U3 (Groundball, 34, EV 108.1 MPH)
Batting: RHB Brodie Herian 0-0: Ball
1-0: Called Strike
1-1: Foul Ball, location: 9LSF
1-2: Strikes out swinging
Batting: RHB Jason Rush 0-0: Ball
1-0: Foul Ball, location: 2LF
1-1: Ball
2-1: Ground out 5-3 (Groundball, 5, EV 88.8 MPH)
Top of the 7th over - 0 runs, 0 hits, 0 errors, 0 left on base; St. Louis 2 - Las Vegas 1
BOTTOM OF THE 7TH
Las Vegas Hustle batting - Pitching for St. Louis Cardinals : LHP Ivan Espinosa
Batting: RHB Karl Robbins 0-0: Ball
1-0: Ground out 5-3 (Groundball, 5S, EV 83.1 MPH)
Batting: RHB Rick Roberds 0-0: Ground out 4-3 (Groundball, 4, EV 103.8 MPH)
Pinch Hitting: RHB Anton Ortega 0-0: Called Strike
0-1: Ball
1-1: Ball
2-1: Ball
3-1: Base on Balls
Batting: RHB John Conway 0-0: Ball
1-0: SINGLE (Line Drive, 56D, EV 97.5 MPH)
Anton Ortega to second
Batting: RHB Tony Ledezma 0-0: Ball
1-0: Swinging Strike
1-1: SINGLE (Line Drive, 78M, EV 104.4 MPH)
Anton Ortega to third
John Conway to second
Runner from 3rd tries for Home, SAFE, throw by CF to home
Pinch Hitting: RHB Norge Carlos Hernandez 0-0: Ball
1-0: Foul Ball, location: 3SF
1-1: Ball
2-1: Foul Ball, location: 2F
2-2: Ball
3-2: Strikes out swinging
Bottom of the 7th over - 1 run, 2 hits, 0 errors, 2 left on base; St. Louis 2 - Las Vegas 2
TOP OF THE 8TH
St. Louis Cardinals batting - Pitching for Las Vegas Hustle : LHP Jose Cruz
Pitching: LHP Matt Osborne
Now in LF: Norge Carlos Hernandez
Now in RF: Nick Allen
Batting: RHB David Martinez 0-0: Called Strike
0-1: Fly out, F4 (Popup, 34D, EV 56.9 MPH)
Batting: RHB Jeff Saxton 0-0: SINGLE (Line Drive, 89S, EV 90.6 MPH)
Batting: RHB Ryan Collier 0-0: Ball
1-0: Ball
2-0: Swinging Strike
2-1: Foul Ball, location: 3F
2-2: Foul Ball, location: 2F
2-2: Foul Ball, location: 2F
2-2: Ball
3-2: Base on Balls
Jeff Saxton to second
Batting: RHB Jesus Guzman 0-0: Ball
1-0: Swinging Strike
1-1: Foul Ball, location: 3DF
1-2: Foul Ball, location: 2F
1-2: Strikes out swinging
Batting: RHB Butch Arnett 0-0: Called Strike
0-1: Ball
1-1: Ball
2-1: Foul Ball, location: 25F
2-2: SINGLE (Line Drive, 7LS, EV 98.1 MPH)
Jeff Saxton to third
Ryan Collier to second
Runner from 3rd tries for Home, SAFE, throw by LF to home
Batting: RHB Mat Bushey 0-0: Fly out, F7 (Flyball, 7S, EV 93.1 MPH)
Top of the 8th over - 1 run, 2 hits, 0 errors, 2 left on base; St. Louis 3 - Las Vegas 2
BOTTOM OF THE 8TH
Las Vegas Hustle batting - Pitching for St. Louis Cardinals : LHP Ivan Espinosa
Now in RF: Jimmy Goldberg
Batting: SHB Josh Osborne 0-0: Called Strike
0-1: Swinging Strike
0-2: SINGLE (Popup, 56D, EV 74.4 MPH)
Pitching: RHP Jaden McCullough
Batting: RHB Clint Hurley 0-0: Called Strike
0-1: Called Strike
0-2: Strikes out swinging
Batting: SHB Jose Espinoza 0-0: Called Strike
0-1: Called Strike
0-2: Strikes out swinging
Batting: RHB Karl Robbins 0-0: Ball
1-0: Ball
2-0: Called Strike
2-1: Ball
3-1: Foul Ball, location: 2F
3-2: Strikes out looking
Bottom of the 8th over - 0 runs, 1 hit, 0 errors, 1 left on base; St. Louis 3 - Las Vegas 2
TOP OF THE 9TH
St. Louis Cardinals batting - Pitching for Las Vegas Hustle : LHP Matt Osborne
Batting: RHB Gabe Vega 0-0: Called Strike
0-1: Foul Ball, location: 25F
0-2: Ball
1-2: DOUBLE (Line Drive, 9LS, EV 111.3 MPH)
Pitching: RHP Bill Grow
Batting: RHB Brodie Herian 0-0: Swinging Strike
0-1: Foul Ball, location: 2F
0-2: Strikes out looking
Batting: RHB Jason Rush 0-0: Ball
Gabe Vega steals 3rd base
1-0: Called Strike
1-1: Called Strike
1-2: Ball
2-2: Ball
3-2: Foul Ball, location: 2F
3-2: Fly out, F9 (Line Drive, 89S, EV 96.3 MPH)
Runner from 3rd tags up, OUT at HOME! 9-2
Top of the 9th over - 0 runs, 1 hit, 0 errors, 0 left on base; St. Louis 3 - Las Vegas 2
BOTTOM OF THE 9TH
Las Vegas Hustle batting - Pitching for St. Louis Cardinals : RHP Jaden McCullough
Pitching: LHP Andres Martines
Batting: RHB Rick Roberds 0-0: Ball
1-0: Ball
2-0: Ball
3-0: Base on Balls
Batting: RHB Nick Allen 0-0: Ball
1-0: Ball
2-0: Called Strike
2-1: Foul Ball, location: 9LDF
2-2: Strikes out swinging
Batting: RHB John Conway 0-0: Swinging Strike
0-1: Foul Ball, location: 25FF
0-2: Foul Ball, location: 2F
0-2: Strikes out swinging
Batting: RHB Tony Ledezma 0-0: Ball
1-0: Foul Ball, location: 25F
1-1: Ball
2-1: Ball
3-1: Foul Ball, location: 2F
3-2: Base on Balls
Rick Roberds to second
Batting: RHB Norge Carlos Hernandez 0-0: DOUBLE (Line Drive, 8RXD, EV 108.8 MPH)
Rick Roberds scores
Tony Ledezma to third
Batting: SHB Josh Osborne 0-0: Ball
1-0: Swinging Strike
1-1: Swinging Strike
1-2: Ball
2-2: Strikes out swinging
Bottom of the 9th over - 1 run, 1 hit, 0 errors, 2 left on base; St. Louis 3 - Las Vegas 3
TOP OF THE 10TH
St. Louis Cardinals batting - Pitching for Las Vegas Hustle : RHP Bill Grow
Pitching: LHP Adam Betts
Batting: RHB David Martinez 0-0: Called Strike
0-1: Hit by Pitch
Batting: LHB Jimmy Goldberg 0-0: Sac Bunt to P - play at first, batter OUT! 1-3
David Martinez to second
Batting: RHB Ryan Collier 0-0: Intentional Walk
Batting: RHB Jesus Guzman 0-0: Ball
1-0: Fly out, F8 (Flyball, 78M, EV 94.4 MPH)
Batting: RHB Butch Arnett 0-0: Ball
1-0: Ball
2-0: Foul Ball, location: 25F
2-1: SINGLE (Groundball, 3D, EV 103.1 MPH)
David Martinez to third
Ryan Collier to second
Runner from 3rd tries for Home, SAFE, throw by RF to home
Batting: RHB Mat Bushey 0-0: Swinging Strike
0-1: Called Strike
0-2: Fly out, F7 (Flyball, 78M, EV 96.9 MPH)
Top of the 10th over - 1 run, 1 hit, 0 errors, 2 left on base; St. Louis 4 - Las Vegas 3
BOTTOM OF THE 10TH
Las Vegas Hustle batting - Pitching for St. Louis Cardinals : LHP Andres Martines
Pitching: RHP Daniel Beaudry
Batting: RHB Clint Hurley 0-0: Ball
1-0: Called Strike
1-1: SOLO HOME RUN (Flyball, 78XD, EV 98.1 MPH), Distance : 394 ft
Batting: SHB Jose Espinoza 0-0: Called Strike
0-1: Ball
1-1: Ball
2-1: Fly out, F8 (Flyball, 8RS, EV 76.3 MPH)
Batting: RHB Karl Robbins 0-0: Ball
1-0: Ball
2-0: Swinging Strike
2-1: Fly out, F3 (Popup, 3SF, EV 83.1 MPH)
Batting: RHB Rick Roberds 0-0: Ball
1-0: SINGLE (Groundball, 4MD, EV 103.8 MPH)
Batting: RHB Nick Allen 0-0: Ball
1-0: Ball
2-0: Swinging Strike
2-1: Foul Ball, location: 7LSF
2-2: Ball
3-2: Base on Balls
Rick Roberds to second
Batting: RHB John Conway 0-0: Fly out, F7 (Line Drive, 78M, EV 99.4 MPH)
Bottom of the 10th over - 1 run, 2 hits, 0 errors, 2 left on base; St. Louis 4 - Las Vegas 4
TOP OF THE 11TH
St. Louis Cardinals batting - Pitching for Las Vegas Hustle : LHP Adam Betts
Batting: RHB Gabe Vega 0-0: Ball
1-0: Called Strike
1-1: Ball
2-1: Ball
3-1: Base on Balls
Batting: RHB Brodie Herian 0-0: Ball
1-0: Called Strike
1-1: Bunted foul
1-2: Foul Ball, location: 3F
1-2: Ball
2-2: Ball
3-2: Base on Balls
Gabe Vega to second
Pitching: RHP Jerry Perez
Batting: RHB Jason Rush 0-0: Called Strike
0-1: Ball
1-1: Ball
2-1: Ball
3-1: SINGLE (Line Drive, 78S, EV 99.4 MPH)
Gabe Vega to third
Brodie Herian to second
Pinch Hitting: SHB Bryan Smolka 0-0: Called Strike
0-1: Ball
1-1: Foul Ball, location: 2F
1-2: Strikes out swinging
Batting: LHB Jimmy Goldberg 0-0: Called Strike
0-1: Hit by Pitch
Gabe Vega scores
Brodie Herian to third
Jason Rush to second
Batting: RHB Ryan Collier 0-0: Called Strike
0-1: Ball
1-1: Grounds into fielders choice 6-2 (Groundball, 6, EV 96.9 MPH)
Jason Rush to third
Jimmy Goldberg to second
Batting: LHB Jose Nieto 0-0: Ball
1-0: Called Strike
1-1: Swinging Strike
1-2: Strikes out looking
Top of the 11th over - 1 run, 1 hit, 0 errors, 3 left on base; St. Louis 5 - Las Vegas 4
BOTTOM OF THE 11TH
Las Vegas Hustle batting - Pitching for St. Louis Cardinals : RHP Daniel Beaudry
Now in LF: Brett Rinehart
Batting: RHB Tony Ledezma 0-0: Fly out, F7 (Flyball, 7S, EV 97.5 MPH)
Batting: RHB Norge Carlos Hernandez 0-0: Called Strike
0-1: Ball
1-1: Ball
2-1: Foul Ball, location: 2F
2-2: Foul Ball, location: 2F
2-2: Ball
3-2: Base on Balls
Pitching: RHP Curtis Genereux
Batting: SHB Josh Osborne 0-0: Ball
Wild Pitch!
Norge Carlos Hernandez to second
1-0: Ball
2-0: TRIPLE (Line Drive, 89XD, EV 106.3 MPH)
Norge Carlos Hernandez scores
Batting: RHB Clint Hurley 0-0: Intentional Walk
Batting: SHB Jose Espinoza 0-0: Called Strike
0-1: Swinging Strike
0-2: Ball
1-2: Ball
2-2: Foul Ball, location: 3FF
2-2: Strikes out swinging
Batting: RHB Karl Robbins 0-0: Called Strike
0-1: Fly out, F7 (Flyball, 7D, EV 82.5 MPH)
Bottom of the 11th over - 1 run, 1 hit, 0 errors, 2 left on base; St. Louis 5 - Las Vegas 5
TOP OF THE 12TH
St. Louis Cardinals batting - Pitching for Las Vegas Hustle : RHP Jerry Perez
Batting: RHB Butch Arnett 0-0: Ball
1-0: Swinging Strike
1-1: Foul Ball, location: 5F
1-2: Foul Ball, location: 3F
1-2: SINGLE (Flyball, 4D, EV 89.4 MPH)
Pinch Hitting: RHB Jayden Whaley 0-0: Swinging Strike
0-1: Called Strike
0-2: Ball
1-2: Ball
2-2: Strikes out swinging
Batting: RHB Gabe Vega 0-0: Ball
1-0: Sac Bunt to 15S - play at first, batter OUT! 1-3
Butch Arnett to second
Pinch Hitting: LHB Ricky Rios 0-0: Intentional Walk
Batting: RHB Jason Rush 0-0: Ball
1-0: Called Strike
1-1: Foul Ball, location: 2F
1-2: Foul Ball, location: 25FF
1-2: Foul Ball, location: 5FF
1-2: Ball
Wild Pitch!
Butch Arnett to third
Ricky Rios to second
2-2: Ball
3-2: Foul Ball, location: 2F
3-2: Foul Ball, location: 2F
3-2: Foul Ball, location: 7LMFF
3-2: SINGLE (Line Drive, 3D, EV 103.1 MPH)
Butch Arnett scores
Ricky Rios to third
Pitching: RHP Javy Jacome
Batting: LHB Brett Rinehart 0-0: Ball
1-0: Ball
2-0: SINGLE (Line Drive, 8LS, EV 103.1 MPH)
Ricky Rios scores
Jason Rush to second
Batting: LHB Jimmy Goldberg 0-0: Ball
1-0: Called Strike
1-1: Called Strike
1-2: Foul Ball, location: 5SF
1-2: Strikes out swinging
Top of the 12th over - 2 runs, 3 hits, 0 errors, 2 left on base; St. Louis 7 - Las Vegas 5
BOTTOM OF THE 12TH
Las Vegas Hustle batting - Pitching for St. Louis Cardinals : RHP Curtis Genereux
Now at 2B: Gabe Vega
Now at SS: Ricky Rios
Now in LF: Jayden Whaley
Now in CF: Brett Rinehart
Batting: RHB Rick Roberds 0-0: Ball
1-0: Ball
2-0: Ball
3-0: Base on Balls
Batting: RHB Nick Allen 0-0: Ball
1-0: Called Strike
1-1: Called Strike
1-2: Foul Ball, location: 5FF
1-2: Strikes out swinging
Batting: RHB John Conway 0-0: Called Strike
0-1: Ball
1-1: Ball
2-1: Ball
3-1: Swinging Strike
3-2: Foul Ball, location: 23F
3-2: Strikes out looking
Batting: RHB Tony Ledezma 0-0: Ball
1-0: Swinging Strike
1-1: Ball
2-1: Ball
3-1: Base on Balls
Rick Roberds to second
Batting: RHB Norge Carlos Hernandez 0-0: Swinging Strike
0-1: Called Strike
0-2: Foul Ball, location: 5FF
0-2: Ball
1-2: Ball
2-2: Ball
3-2: Foul Ball, location: 2F
3-2: Foul Ball, location: 23F
3-2: SINGLE (Line Drive, 78M, EV 101.3 MPH)
Rick Roberds to third
Tony Ledezma to second
Rick Roberds scores
Tony Ledezma to third
Pitching: RHP David Herman
Batting: SHB Josh Osborne 0-0: Called Strike
0-1: Called Strike
0-2: Strikes out looking
Bottom of the 12th over - 1 run, 1 hit, 0 errors, 2 left on base; St. Louis 7 - Las Vegas 6
Saturday, April 6th , 2024 - OOTP Baseball 24.11 Build 85